 Dungeon Crawl Stone Soup version 0.22.1-6-g1668fe2 (webtiles) character file.

1052 Fang the Chopper (level 8, -4/49 HPs)
             Began as a Gargoyle Berserker on Jan 31, 2019.
             Was a Believer of Trog.
             Slain by Prince Ribbit (14 damage)
             ... on level 5 of the Dungeon.
             The game lasted 00:05:22 (6018 turns).

Fang the Chopper (Gargoyle Berserker)               Turns: 6018, Time: 00:05:23

Health: -4/49      AC: 10    Str: 21    XL:     8   Next: 26%
Magic:  8/8        EV: 13    Int:  7    God:    Trog [**....]
Gold:   206        SH:  0    Dex: 12    Spells: 7/7 levels left

rFire    . . .     SeeInvis .   a - +0 hand axe
rCold    . . .     Gourm    .   (no shield)
rNeg     + . .     Faith    .   s - +2 robe "Rackink" {Str-3 Dex+3}
rPois    ∞         Spirit   .   (no helmet)
rElec    +         Reflect  .   k - scarf {cloud immunity}
rCorr    .         Harm     .   (no gloves)
MR       .....                  (no boots)
Stlth    ++........             (no amulet)
HPRegen  0.16/turn              (no ring)
MPRegen  0.11/turn              (no ring)

@: no status effects
A: negative energy resistance 1, electricity resistance, unbreathing,
petrification resistance, rot immunity, AC +5
a: Berserk, Trog's Hand, Renounce Religion


You were on level 5 of the Dungeon.
You worshipped Trog.
Trog was pleased with you.
You were not hungry.

You visited 1 branch of the dungeon, and saw 6 of its levels.

You collected 206 gold pieces.

Inventory:

Hand Weapons
 a - a +0 hand axe (weapon)
Armour
 k - a scarf of cloud immunity (worn)
 l - a +0 ring mail
 s - the +2 robe "Rackink" (worn) {Str-3 Dex+3}
   (You found it on level 5 of the Dungeon)

   It affects your strength (-3).
   It affects your dexterity (+3).
Scrolls
 e - 3 scrolls of amnesia {unknown}
 f - 2 scrolls of magic mapping {unknown}
 g - 2 scrolls of fear {unknown}
 i - 3 scrolls of remove curse {unknown}
 m - 5 scrolls of teleportation {unknown}
 n - 4 scrolls of identify {unknown}
 p - a scroll of enchant armour {unknown}
 u - a scroll of noise {unknown}
Potions
 b - a potion of curing {unknown}
 d - 2 potions of haste {unknown}
 h - a potion of mutation {unknown}
 j - 2 potions of degeneration {unknown}
 o - a potion of flight {unknown}
 q - a potion of resistance {unknown}
 r - a potion of lignification {unknown}
 t - a potion of agility {unknown}
Comestibles
 c - 7 rations


   Skills:
 + Level 5.1 Fighting
 + Level 6.3 Axes
 + Level 5.3 Armour
 + Level 3.2 Dodging
 + Level 1.5 Stealth


You had 7 spell levels left.
You didn't know any spells.
Your spell library was empty.

Dungeon Overview and Level Annotations

Branches:
Dungeon (6/15)
 Temple: D:4-7

Altars:
Hepliaklqana
Nemelex Xobeh
Ru
Trog
Yredelemnul

Annotations:
D:5 Prince Ribbit


Innate Abilities, Weirdness & Mutations

You are resistant to torment.
Your stone body is resilient. (AC +5)
You are immune to poison.
You resist negative energy. (rN+)
You are resistant to electric shocks. (rElec)
You can survive without breathing.
You are immune to petrification.
You are immune to rotting.


Message History

The worker ant is severely wounded.
Prince Ribbit blinks!
The worker ant barely misses you. Prince Ribbit hits you.
Unknown command.
You hit the worker ant.
The worker ant is almost dead.
You hit Prince Ribbit. The worker ant closely misses you.
Prince Ribbit barely misses you.
The worker ant bites you but does no damage.
You closely miss the worker ant.
The worker ant is almost dead.
You closely miss Prince Ribbit. Prince Ribbit misses you.
The worker ant bites you but does no damage.
Prince Ribbit hits you!
* * * LOW HITPOINT WARNING * * *
You closely miss the worker ant.
The worker ant is almost dead.
You hit Prince Ribbit.
Prince Ribbit catches a millipede with his tongue.
Prince Ribbit hits you!
You die...

#>.............#
#..##....
#.⌠.⌠......[...#
#........
#.._..##.......#
##.##....
##⌠.⌠###.......#
#.##....
##........##.##
#.##....
########.##.##
#.##.... #.##..#
#.######
#F###.## #.#
#@..#..# #.#
#a####.##
#.###### #l#
#..# #.......
#.# ##.#
#....... ... #.#
#....... ...
#.###.###### ...
#..##.# #....
##.##.######
#.##.......


You could see Prince Ribbit, a worker ant and a frilled lizard.

Vanquished Creatures
  An ice beast (D:5)
  A phantom (D:4)
  2 ogres
  A centaur (D:5)
  3 scorpions
  A crimson imp (D:5)
  A centaur zombie (D:5)
  2 hounds
  An orc priest (D:4)
  An iguana (D:4)
  Natasha (thrice) (D:4)
  4 worker ants
  A killer bee zombie (D:5)
  6 adders
  A shadow imp (D:5)
  An adder skeleton (D:5)
  3 dart slugs
  2 orcs (D:4)
  9 bats
  4 giant cockroaches
  5 goblins
  4 hobgoblins
  5 quokkas
  2 frilled lizards (D:1)
  A jackal skeleton (D:5)
  5 kobolds
  3 rats (D:3)
73 creatures vanquished.

Notes
Turn   | Place    | Note
-------+----------+-------------------------------------------
     0 | D:1      | Fang the Gargoyle Berserker began the quest for the Orb.
     0 | D:1      | Reached XP level 1. HP: 14/14 MP: 1/1
    93 | D:1      | Reached XP level 2. HP: 16/19 MP: 2/2
   112 | D:1      | Reached skill level 3 in Axes
   571 | D:2      | Reached XP level 3. HP: 7/24 MP: 3/3
   850 | D:2      | Reached ** piety under Trog
  1222 | D:3      | Reached XP level 4. HP: 21/29 MP: 4/4
  1403 | D:3      | Reached XP level 5. HP: 8/33 MP: 5/5
  1755 | D:3      | Reached skill level 4 in Axes
  1756 | D:3      | Found a bloodstained altar of Trog.
  1835 | D:3      | Found a sacrificial altar of Ru.
  2052 | D:3      | Found a basalt altar of Yredelemnul.
  2203 | D:4      | Found a hazy altar of Hepliaklqana.
  2253 | D:4      | Reached XP level 6. HP: 26/39 MP: 6/6
  2522 | D:4      | Noticed a phantom
  2564 | D:4      | Killed a phantom
  3185 | D:4      | Noticed Natasha
  3194 | D:4      | Killed Natasha
  3194 | D:4      | Reached skill level 5 in Axes
  3200 | D:4      | Reached XP level 7. HP: 43/44 MP: 7/7
  3495 | D:4      | Noticed Natasha
  3513 | D:4      | Killed Natasha
  3800 | D:5      | Entered Level 5 of the Dungeon
  3918 | D:4      | Noticed Natasha
  5023 | D:4      | Killed Natasha
  5179 | D:5      | Reached skill level 5 in Fighting
  5179 | D:5      | Reached skill level 1 in Stealth
  5461 | D:5      | Reached skill level 5 in Armour
  5461 | D:5      | Reached XP level 8. HP: 24/49 MP: 8/8
  5649 | D:5      | Reached skill level 6 in Axes
  5677 | D:5      | Found a sparkling altar of Nemelex Xobeh.
  5679 | D:5      | Got a transparent robe
  5690 | D:5      | Identified the +2 robe "Rackink" {Str-3 Dex+3} (You found
                  | it on level 5 of the Dungeon)
  6002 | D:5      | Noticed Prince Ribbit
  6018 | D:5      | Slain by Prince Ribbit

Skill      XL: |  1  2  3  4  5  6  7  8 |
---------------+-------------------------+-----
Axes           | 3 4 5 6 |  6.3
Dodging        | 2 3 |  3.2
Fighting       | 4 5 |  5.1
Armour         | 3 4 5 |  5.3
Stealth        | 1 |  1.5

Action                   |  1- 3 |  4- 6 |  7- 9 || total
-------------------------+-------+-------+-------++-------
Melee: Hand axe          |   103 |   157 |   178 ||   438
Invok: Berserk           |       |     2 |     2 ||     4
 Stab: Sleeping          |       |       |     2 ||     2
  Eat: Chunk             |     1 |     7 |     2 ||    10
       Ration            |       |       |     3 ||     3
Armor: Animal skin       |    61 |       |       ||    61
       Ring mail         |     7 |    76 |    60 ||   143
       Robe              |       |       |    17 ||    17
Dodge: Dodged            |    68 |   102 |   102 ||   272
